 Dungeon Crawl Stone Soup version 0.29-a0-575-g0dc89cf053 (webtiles) character file.

Game seed: 13610101619756686894

118559 freelancePsychic the Warrior (level 16, -14/106 (112) HPs)
             Began as a Gargoyle Fighter on June 13, 2022.
             Was the Champion of Ru.
             Blown up by an orb spider (75 damage)
             ... with an orb of destruction
             ... on level 1 of the Spider Nest.
             The game lasted 01:04:49 (32652 turns).

freelancePsychic the Warrior (Gargoyle Fighter)    Turns: 32652, Time: 01:04:49

HP:   -14/106 (112) AC: 31    Str: 30    XL:     16   Next: 77%
MP:   14/14         EV:  9    Int: 11    God:    Ru [******]
Gold: 1319          SH: 11    Dex:  9    Spells: 15/15 levels left

rFire   + . .      SeeInvis +   a - +3 eveningstar (flame)
rCold   + + +      Faith    .   c - +2 kite shield
rNeg    + . .      Spirit   .   y - +0 chain mail of Gravitas {rF+ rC+++}
rPois   ∞          Reflect  .   G - +2 helmet {SInv}
rElec   +          Harm     .   V - +2 cloak {rF+}
rCorr   +          Rampage  .   (no gloves)
Will    +....                   (no boots)
Stlth   ..........              P - amulet of the acrobat
HPRegen 0.27/turn               C - ring of resist corrosion
MPRegen 0.14/turn               U - ring "Eshre Margh" {rElec rC+ Str+6 Slay+2}

@: flying, slowed, drained, very slow
A: sickness immunity, AC +12, big wings, clumsy 1, low MP 1, negative energy
resistance 1, electricity resistance, torment resistance 1, petrification
resistance, no stealth, no poison magic, no summoning magic, no transmutations
magic, unskilled 1, missing an eye, temperature sensitive
a: Renounce Religion, Draw Out Power, Power Leap, Apocalypse


You were on level 1 of the Spider Nest.
You worshipped Ru.
Ru was exalted by your worship.
You visited 4 branches of the dungeon, and saw 24 of its levels.
You also visited: Volcano.

You collected 3273 gold pieces.
You spent 1954 gold pieces at shops.

Inventory:

Hand Weapons
 a - a +3 eveningstar of flaming (weapon)
 b - the +5 demon whip of Ufras {venom, *Corrode rC+ MP+9}
   (You acquired it on level 4 of the Dungeon)

   It poisons the flesh of those it strikes.
   rC:        It protects you from cold.
   MP:        It affects your magic capacity (+9).
   *Corrode:  It may corrode you when you take damage.
Armour
 c - a +2 kite shield (worn)
 f - the +5 plate armour of Wuyxagu {Str+2 Int+4}
   (You found it on level 4 of the Lair of Beasts)

   Str:       It affects your strength (+2).
   Int:       It affects your intelligence (+4).
 m - a scarf of resistance
 y - the +0 chain mail of Gravitas (worn) {rF+ rC+++}
   (You found it on level 5 of the Lair of Beasts)

   rF:        It protects you from fire.
   rC:        It renders you almost immune to cold.
 G - a +2 helmet of see invisible (worn)
 V - a +2 cloak of fire resistance (worn)
 W - a +0 tower shield
 Y - a +4 chain mail of fire resistance
Jewellery
 z - a +4 ring of protection
 C - a ring of resist corrosion (left hand)
 O - a ring of ice
 P - an amulet of the acrobat (around neck)
 U - the ring "Eshre Margh" (right hand) {rElec rC+ Str+6 Slay+2}
   (You bought it in a shop on level 2 of the Orcish Mines)

   [ring of strength]

   Str:       It affects your strength (+6).
   Slay:      It affects your accuracy & damage with ranged weapons and melee
   (+2).
   rC:        It protects you from cold.
   rElec:     It insulates you from electricity.
Wands
 j - a wand of polymorph (13)
 o - a wand of digging (4)
 w - a wand of flame (11)
 A - a wand of paralysis (2)
 D - a wand of mindburst (1)
 X - a wand of iceblast (3)
Scrolls
 d - a scroll of summoning
 i - 5 scrolls of immolation
 k - 5 scrolls of enchant armour
 n - a scroll of poison
 s - a scroll of silence
 x - a scroll of fog
 E - a scroll of vulnerability
 K - 3 scrolls of teleportation {@r4}
 M - 3 scrolls of blinking
 N - a scroll of amnesia
 Q - a scroll of torment
Potions
 e - 2 potions of haste {@q3}
 g - 5 potions of cancellation
 h - 3 potions of flight
 l - 7 potions of lignification
 p - 5 potions of attraction
 q - 2 potions of berserk rage
 t - 3 potions of magic
 u - 2 potions of ambrosia
 v - 3 potions of mutation {unknown}
 B - 9 potions of heal wounds {@q2}
 H - a potion of resistance
 J - 8 potions of brilliance
 L - 8 potions of curing {@q1}
 R - a potion of invisibility
 S - 4 potions of might
Miscellaneous
 F - a tin of tremorstones (2/2)
 I - a phial of floods


   Skills:
 - Level 17.5 Fighting
 - Level 16.0 Maces & Flails
 + Level 11.8 Armour
 + Level 7.2 Dodging
 * Level 8.0 Shields
 - Level 4.5 Evocations


You had 15 spell levels left.
You didn't know any spells.
Your spell library contained the following spells:

 Spells                   Type           Power      Damage    Failure   Level
 Apportation              Tloc           0%         N/A       97%         1
 Foxfire                  Conj/Fire      0%         2x1d4     97%         1
 Necrotize                Necr           0%         1d4       97%         1
 Blink                    Tloc           0%         N/A       99%         2
 Ensorcelled Hibernation  Hex/Ice        0%         N/A       99%         2
 Static Discharge         Conj/Air       0%         N/A       99%         2
 Conjure Flame            Conj/Fire      0%         6-21      100%        3
 Inner Flame              Hex/Fire       0%         N/A       100%        3
 Lesser Beckoning         Tloc           0%         N/A       100%        3
 Portal Projectile        Hex/Tloc       0%         N/A       100%        3
 Swiftness                Air            0%         N/A       100%        3
 Anguish                  Hex/Necr       0%         N/A       100%        4
 Cause Fear               Hex            0%         N/A       100%        4
 Flame Wave               Conj/Fire      0%         2d4       100%        4
 Fulminant Prism          Conj/Hex       0%         3d6       100%        4
 Hailstorm                Conj/Ice       0%         3d3       100%        4
 Iskenderun's Mystic Bla  Conj/Tloc      0%         2d3       100%        4
 Leda's Liquefaction      Hex/Erth       0%         N/A       100%        4
 Borgnjor's Vile Clutch   Necr/Erth      0%         N/A       100%        5
 Fireball                 Conj/Fire      0%         3d3       100%        5
 Iskenderun's Battlesphe  Conj           0%         2d6       100%        5
 Lee's Rapid Deconstruct  Erth           0%         3d5*      100%        5
 Lightning Bolt           Conj/Air       0%         1d11      100%        5
 Manifold Assault         Tloc           0%         N/A       100%        5
 Conjure Ball Lightning   Conj/Air       0%         3x3d6     100%        6
 Simulacrum               Ice/Necr       0%         N/A       100%        6
 Enfeeble                 Hex            0%         N/A       100%        7
 Orb of Destruction       Conj           0%         9d5       100%        7
 Discord                  Hex            0%         N/A       100%        8
 Maxwell's Capacitive Co  Air            0%         ∞         100%        8
 Summon Small Mammal      Summ           Unusable   N/A       N/A         1
 Passwall                 Tmut/Erth      Unusable   N/A       N/A         2
 Poisonous Vapours        Pois/Air       Unusable   N/A       N/A         2
 Call Canine Familiar     Summ           Unusable   N/A       N/A         3
 Corpse Rot               Necr/Pois/Air  Unusable   N/A       N/A         4
 Ice Form                 Ice/Tmut       Unusable   N/A       N/A         4
 Alistair's Intoxication  Tmut/Pois      Unusable   N/A       N/A         5
 Eringya's Noxious Bog    Tmut/Pois      Unusable   N/A       N/A         6

Dungeon Overview and Level Annotations

Branches:
Dungeon (15/15)            Temple (0/1) D:4            Lair (6/6) D:8
 Shoals (0/4) Lair:3       Spider (1/4) Lair:3        Slime (0/5) Lair:6
    Orc (2/2) D:9             Elf (0/3) Orc:2        Vaults (0/5) D:13
 Depths (0/4) D:15        Volcano (visited)

Altars:
Cheibriados
Nemelex Xobeh
Ru
Beogh
Jiyva

Shops:
D:2 ?   D:6 [   D:8 =   D:11 (   Orc:2 *=(=

Portals:
Abyss: Lair:1
Trove: D:10 (give +2 gold dragon scales)

Annotations:
D:2 Sigmund
D:3 1 runed translucent door, Crazy Yiuf
D:4 Dowan, Duvessa
D:11 2 transporters, Foxy's ghost, journeyman TrGl
Lair:6 1 runed translucent door


Innate Abilities, Weirdness & Mutations

You are immune to sickness and miasma.
Your stone body is resilient. (AC +12)
You are immune to poison.
Your large and strong wings let you fly.
You are clumsy. (Dex -2)
Your magical capacity is low. (-10% MP)
You resist negative energy. (rN+)
You are resistant to electric shocks. (rElec)
You are resistant to unholy torment.
You are immune to petrification.
You cannot be stealthy.
You cannot study or cast Poison magic.
You cannot study or cast Summoning magic.
You cannot study or cast Transmutations magic.
You are somewhat unskilled. (-1 Apt)
You are missing an eye, making it more difficult to aim.
You are sensitive to extremes of temperature. (rF-, rC-)


Message History

You sock the steelbarb worm!
You kill the steelbarb worm!
Your phial of floods has recharged.
Your Shields skill increases to level 8!
An orb spider comes into view.
The orb spider hisses angrily.
You hear an angry hiss.
Aiming: Mindburst
Press: ? - help, Shift-Dir - straight line, f - orb spider
Aim: an orb spider (chance to affect: 66%)
The orb spider's mind is blasted!!
You hear an angry hiss.
A jumping spider comes into view.
The orb spider pulsates with a strange energy.
Aiming: Mindburst
Press: ? - help, Shift-Dir - straight line, f/p - orb spider
Aim: an orb spider (almost dead, fully charged, chance to affect: 66%)
The orb spider struggles to resist.
The jumping spider hisses angrily.
Aiming: Mindburst
Press: ? - help, Shift-Dir - straight line, f/p - orb spider
Aim: an orb spider (almost dead, fully charged, chance to affect: 66%)
The orb spider struggles to resist.
The jumping spider leaps!
An orb spider comes into view.
The orb spider weaves a glowing orb of energy.
An orb of destruction comes into view.
Aiming: Mindburst
Press: ? - help, Shift-Dir - straight line, f/p - orb spider
Aim: an orb spider (almost dead, chance to affect: 66%)
The orb spider struggles to resist.
The jumping spider pounces on you! You block the jumping spider's attack.
Being near the torpor snail leaves you feeling lethargic.
A torpor snail comes into view.
Aiming: Mindburst
Press: ? - help, Shift-Dir - straight line, f/p - orb spider
Aim: an orb spider (almost dead, chance to affect: 66%)
The orb spider's mind is blasted!!
You blow up the orb spider!
The orb of destruction hits you!!!!
Ouch! That really hurt!
You die...

....s...†...........
######..w...#...........
####....?......#...........
..........†....#...........
#....$.....○...##....####..
...........○.†..##......##.
####.....#○......#.......#.
#.....†..#☼s.#...#....^..#.
##.......#@..#...####...##.
#......#######.....##...#.
##.....# .......#...##
...#...# ........#....#
....#.... .........#....#
... #.... ..........##...^
.. ..... #..........##.[##
....#......#####


You could see a torpor snail and a jumping spider.

Vanquished Creatures
  An orc warlord (Orc:2)
  Louise (D:14)
  A ghost moth (Spider:1)
  3 stone giants
  Nessos (D:14)
  An entropy weaver (Spider:1)
  The ghost of Cecillian the Quickloader, a journeyman FoHu of Gozag (Lair:1)
  A fire dragon (Lair:6)
  Harold (D:9)
  7 hydras
  Fannar (Orc:1)
  A rakshasa (D:14)
  3 vault guards
  5 boulder beetles
  Erolcha (Orc:1)
  An ogre mage (D:15)
  6 centaur warriors
  3 catoblepae
  A radroach (Spider:1)
  Erica (D:8)
  A death knight (D:14)
  4 death yaks (Lair:5)
  15 two-headed ogres
  2 tengu warriors (D:15)
  A thrashing horror (Lair:1)
  An orc high priest (Orc:1)
  A skeletal warrior (D:11)
  A fire crab (Lair:6)
  A sun moth (Spider:1)
  2 pharaoh ants (Spider:1)
  A steelbarb worm (Spider:1)
  A glowing orange brain (D:9)
  2 orb spiders (Spider:1)
  2 lindwurms
  Pikel (D:9)
  2 deep elf pyromancers
  2 wizards
  4 orc knights
  6 ugly things
  3 orc sorcerers
  7 cyclopes
  A worldbinder (Lair:1)
  2 salamanders (Volcano)
  3 manticores
  Joseph (D:8)
  13 elephants
  3 molten gargoyles (Lair:6)
  10 black mambas
  A torpor snail (Lair:5)
  A gargoyle (D:9)
  11 cane toads
  3 rime drakes
  5 yaktaurs
  6 kobold demonologists
  17 komodo dragons
  4 unseen horrors
  A freezing wraith (D:15)
  3 tengu conjurers
  15 trolls
  A hornet (D:10)
  23 blink frogs
  A wind drake (shapeshifter) (D:15)
  2 polar bears
  A blink frog (shapeshifter) (D:9)
  A tyrant leech (D:11)
  A hornet (shapeshifter) (D:13)
  5 tarantellas (Spider:1)
  3 slime creatures (D:12)
  7 jumping spiders
  2 culicivoras (Lair:3)
  2 vampires
  6 wraiths
  A shadow (D:11)
  3 fire bats (Volcano)
  A human (shapeshifter) (D:15)
  3 wyverns
  9 humans (D:13)
  27 yaks
  6 redbacks
  8 basilisks
  A neqoxec (Lair:1)
  2 steam dragons
  10 vampire mosquitoes
  A chaos spawn (Lair:1)
  A redback simulacrum (D:15)
  3 acid dragons
  6 wargs
  5 hell hounds
  16 water moccasins
  39 orc warriors
  An ice beast (D:7)
  2 sky beasts
  3 black bears
  10 ogres
  27 centaurs
  18 wolves
  A centaur (shapeshifter) (D:9)
  A lemure (D:9)
  7 kobold brigands
  A phantom (D:6)
  11 bullfrogs
  4 scorpions
  6 gnoll sergeants
  14 wights
  5 killer bees (D:7)
  2 electric eels (D:12)
  5 lava snakes (Lair:6)
  6 howler monkeys
  A jelly (D:5)
  4 hounds
  2 gnoll shamans
  14 orc priests
  An iguana (D:6)
  18 orc wizards
  25 gnolls
  6 adders
  A white imp (D:5)
  An ufetubus (D:6)
  2 worms (D:4)
  A dart slug (D:1)
  59 orcs
  6 ball pythons
  A bat (D:2)
  5 endoplasms
  5 giant cockroaches
  13 goblins
  3 hobgoblins
  5 jackals
  4 quokkas
  A frilled lizard (D:1)
  35 kobolds
  9 rats
  A lurking horror (Lair:1)
745 creatures vanquished.

Vanquished Creatures (others)
  A hydra (D:12)
  A two-headed ogre (Volcano)
  An orc sorcerer (Orc:1)
  A wolf spider (Spider:1)
  A gargoyle (D:11)
  A cane toad (Lair:6)
  A rime drake (Lair:5)
  A komodo dragon (Lair:4)
  A tengu conjurer (D:14)
  A troll (D:11)
  A blink frog (Lair:5)
  A human (D:13)
  4 orc warriors
  A centaur (D:13)
  A wolf (Lair:6)
  A gnoll (Orc:2)
  68 fungi
  35 plants
122 creatures vanquished.

Grand Total: 867 creatures vanquished

Notes
Turn   | Place    | Note
-------+----------+-------------------------------------------
     0 | D:1      | freelancePsychic the Gargoyle Fighter began the quest for
                  | the Orb.
     0 | D:1      | Reached XP level 1. HP: 14/14 MP: 1/1
   266 | D:1      | Reached XP level 2. HP: 17/19 MP: 2/2
   492 | D:1      | Found a faded altar of an unknown god.
   800 | D:1      | Reached XP level 3. HP: 24/24 MP: 3/3
  1205 | D:2      | Noticed Sigmund
  1279 | D:3      | Reached skill level 4 in Fighting
  1279 | D:3      | Reached XP level 4. HP: 9/29 MP: 4/4
  1654 | D:3      | Found a sacrificial altar of Ru.
  1662 | D:3      | Became a worshipper of Ru the Awakened
  1857 | D:3      | Found a runed translucent door.
  1858 | D:3      | Noticed Crazy Yiuf
  1912 | D:3      | Reached XP level 5. HP: 30/34 MP: 5/5
  2281 | D:2      | Found Zug Esso's Magic Scroll Boutique.
  2289 | D:2      | Bought a scroll of blinking for 82 gold pieces
  2289 | D:2      | Bought a scroll of fear for 38 gold pieces
  2289 | D:2      | Bought a scroll of teleportation for 33 gold pieces
  2289 | D:2      | Bought a scroll of identify for 22 gold pieces
  2699 | D:4      | You fall into a shaft and drop 3 floors!
  2737 | D:5      | Entered Level 5 of the Dungeon
  2745 | D:5      | Reached skill level 5 in Maces & Flails
  2745 | D:5      | Reached XP level 6. HP: 34/40 MP: 6/6
  2759 | D:5      | Gained mutation: Your magical capacity is low. (-10% MP)
                  | [Ru sacrifice]
  2766 | D:5      | Noticed an orc warrior
  2786 | D:5      | Killed an orc warrior
  2787 | D:5      | Reached skill level 5 in Fighting
  2858 | D:5      | Reached XP level 7. HP: 3/44 MP: 6/6
  3223 | D:4      | Noticed Duvessa
  3230 | D:4      | Noticed Dowan
  3433 | D:4      | HP: 1/45 [Duvessa/+0 short sword (4)]
  3799 | D:4      | Found a staircase to the Ecumenical Temple.
  3864 | D:4      | Identified a scroll of acquirement
  3864 | D:4      | Acquired the +5 demon whip of Ufras {venom, *Corrode rC+
                  | MP+9}
  4437 | D:5      | Reached skill level 6 in Fighting
  5063 | D:6      | Reached XP level 8. HP: 48/52 MP: 7/7
  5269 | D:6      | Found Doleajim's Armour Shoppe.
  5675 | D:6      | Reached skill level 7 in Fighting
  6425 | D:6      | Reached XP level 9. HP: 23/59 MP: 8/8
  6659 | D:7      | Reached skill level 8 in Fighting
  6665 | D:7      | Gained mutation: You are sensitive to extremes of
                  | temperature. (rF-, rC-) [Ru sacrifice]
  6665 | D:7      | Reached * piety under Ru
  6665 | D:7      | Reached ** piety under Ru
  6738 | D:7      | Reached skill level 10 in Maces & Flails
  6742 | D:7      | Noticed a two-headed ogre
  6752 | D:7      | Killed a two-headed ogre
  6817 | D:7      | Noticed a wizard
  6877 | D:7      | Reached skill level 9 in Fighting
  7193 | D:7      | Killed a wizard
  7194 | D:7      | Reached XP level 10. HP: 66/66 MP: 9/9
  7351 | D:7      | Found a snail-covered altar of Cheibriados.
  7611 | D:8      | Noticed Joseph
  7630 | D:8      | Killed Joseph
  7985 | D:8      | Noticed Erica
  7993 | D:8      | Killed Erica
  7994 | D:8      | Reached skill level 10 in Fighting
  8025 | D:8      | Found Wear Ara's Jewellery Emporium.
  8033 | D:8      | Bought a ring of resist corrosion for 260 gold pieces
  8081 | D:8      | Reached skill level 11 in Fighting
  8455 | D:8      | Found a staircase to the Lair.
  8478 | D:8      | Noticed a two-headed ogre
  8484 | D:8      | Killed a two-headed ogre
  8485 | D:8      | Reached skill level 1 in Dodging
  8487 | D:8      | Gained mutation: You cannot study or cast Poison magic. [Ru
                  | sacrifice]
  8487 | D:8      | Gained mutation: You cannot study or cast Transmutations
                  | magic. [Ru sacrifice]
  8487 | D:8      | Gained mutation: You cannot study or cast Summoning magic.
                  | [Ru sacrifice]
  8487 | D:8      | Reached *** piety under Ru
  8917 | D:9      | Noticed a two-headed ogre
  8937 | D:9      | Killed a two-headed ogre
  8938 | D:9      | Reached skill level 12 in Fighting
  8938 | D:9      | Reached skill level 5 in Armour
  8938 | D:9      | Reached XP level 11. HP: 35/76 MP: 9/9
  9128 | D:9      | Noticed Pikel
  9330 | D:9      | Killed Pikel
  9336 | D:9      | Noticed a glowing orange brain
  9349 | D:9      | Killed a glowing orange brain
  9437 | D:9      | Noticed a deep elf pyromancer
  9445 | D:9      | Noticed a two-headed ogre
  9446 | D:9      | Killed a deep elf pyromancer
  9469 | D:9      | Killed a two-headed ogre
  9481 | D:9      | Noticed a catoblepas
  9494 | D:9      | Killed a catoblepas
  9888 | D:9      | Found a staircase to the Orcish Mines.
  9972 | D:9      | Noticed Harold
  9989 | D:9      | Killed Harold
  9990 | D:9      | Reached skill level 13 in Fighting
  9990 | D:9      | Reached XP level 12. HP: 84/84 MP: 10/10
 10398 | D:10     | Entered Level 10 of the Dungeon
 10566 | D:10     | Noticed a vault guard
 10582 | D:10     | Killed a vault guard
 10583 | D:10     | Reached skill level 1 in Evocations
 10680 | D:10     | Found a portal to a secret trove of treasure.
 11097 | D:10     | Gained mutation: You are missing an eye, making it more
                  | difficult to aim. [Ru sacrifice]
 11097 | D:10     | Reached **** piety under Ru
 11217 | D:11     | Noticed a two-headed ogre
 11227 | D:11     | Killed a two-headed ogre
 11276 | Lair:1   | Entered Level 1 of the Lair of Beasts
 11746 | Lair:1   | Noticed a thrashing horror
 11747 | Lair:1   | Noticed Cecillian's ghost (journeyman FoHu)
 11749 | Lair:1   | Found a one-way gate to the infinite horrors of the Abyss.
 11774 | Lair:1   | Found a transporter.
 12202 | Lair:1   | Found a transporter.
 12811 | Lair:2   | Reached skill level 14 in Fighting
 12944 | Lair:2   | Reached skill level 5 in Evocations
 13236 | Lair:2   | Reached skill level 5 in Dodging
 13304 | Lair:2   | Reached skill level 10 in Armour
 13444 | Lair:2   | Gained mutation: You are somewhat unskilled. (-1 Apt) [Ru
                  | sacrifice]
 13444 | Lair:2   | Reduced skill Fighting to level 13
 13444 | Lair:2   | Reached ***** piety under Ru
 14044 | Lair:3   | Reached XP level 13. HP: 83/88 MP: 11/11
 14138 | Lair:3   | Noticed Snorg
 14140 | Lair:3   | Noticed Snorg
 14140 | Lair:3   | Snorg changed into Snorg the yaktaur
 14151 | Lair:3   | Killed Snorg the yaktaur
 14664 | Lair:3   | Reached skill level 14 in Fighting
 14771 | Lair:3   | Found a staircase to the Shoals.
 15507 | Lair:2   | Acquired 622 gold pieces
 15747 | Lair:3   | Found a hole to the Spider Nest.
 16338 | Lair:4   | Reached skill level 15 in Fighting
 16690 | Lair:4   | Gained mutation: You cannot be stealthy. [Ru sacrifice]
 16934 | Lair:4   | Reached skill level 5 in Dodging
 17332 | Lair:5   | Reached skill level 10 in Armour
 17343 | Lair:5   | Gained mutation: Your large and strong wings let you fly.
                  | [Gargoyle growth]
 17343 | Lair:5   | Reached XP level 14. HP: 50/98 MP: 12/12
 17836 | Lair:5   | Identified the +0 chain mail of Gravitas {rF+ rC+++}
 18350 | Lair:6   | Entered Level 6 of the Lair of Beasts
 18468 | Lair:6   | Found a dark tunnel.
 18474 | Volcano  | Entered a volcano
 18906 | Lair:6   | Gained mutation: You are clumsy. (Dex -2) [Ru sacrifice]
 18906 | Lair:6   | Reached ****** piety under Ru
 19152 | Lair:6   | Reached skill level 16 in Fighting
 20424 | Lair:6   | Found a runed translucent door.
 20424 | Lair:6   | Found a viscous altar of Jiyva.
 20427 | Lair:6   | Found a staircase to the Slime Pits.
 21036 | Lair:6   | Found a large runed translucent door.
 21037 | Lair:6   | Found a large runed translucent door.
 21840 | Orc:1    | Entered Level 1 of the Orcish Mines
 21843 | Orc:1    | Noticed Fannar
 21889 | Orc:1    | Killed Fannar
 22205 | Orc:1    | Noticed Erolcha
 22207 | Orc:1    | Noticed a stone giant
 22231 | Orc:1    | Found a transporter.
 22260 | Orc:1    | Noticed a stone giant
 22262 | Orc:1    | Found a transporter.
 22278 | Orc:1    | Killed Erolcha
 22279 | Orc:1    | Reached XP level 15. HP: 90/94 MP: 13/13
 22285 | Orc:1    | Paralysed by an orc sorcerer for 5 turns
 23441 | Orc:2    | Entered Level 2 of the Orcish Mines
 24096 | Orc:2    | Found Cohokh's Jewellery Boutique.
 24096 | Orc:2    | Found Kecrou's Weapon Emporium.
 24099 | Orc:2    | Found Hurumam's Assorted Antiques.
 24101 | Orc:2    | Found Goileno's Jewellery Shoppe.
 24125 | Orc:2    | Noticed an orc warlord
 24141 | Orc:2    | Killed an orc warlord
 24465 | Orc:2    | Reached skill level 5 in Shields
 24567 | Orc:2    | Found a staircase to the Elven Halls.
 24979 | Orc:2    | Bought the ring "Eshre Margh" {rElec rC+ Str+6 Slay+2} for
                  | 1142 gold pieces
 24990 | Orc:2    | Bought a scroll of blinking for 202 gold pieces
 24990 | Orc:2    | Bought a scroll of immolation for 94 gold pieces
 24990 | Orc:2    | Bought a potion of curing for 81 gold pieces
 25269 | Lair:1   | Killed Cecillian's ghost
 25805 | Lair:4   | Identified the +5 plate armour of Wuyxagu {Str+2 Int+4}
 26143 | D:11     | Found a transporter.
 26156 | D:11     | Found a transporter.
 26162 | D:11     | Noticed Foxy's ghost (journeyman TrGl)
 26367 | D:11     | Reached skill level 17 in Fighting
 27790 | D:11     | Found Geted's Weapon Boutique.
 28385 | D:12     | Got the Volume of Conjuration
 28425 | D:12     | Reached XP level 16. HP: 82/104 MP: 14/14
 29030 | D:13     | Found a sparkling altar of Nemelex Xobeh.
 29119 | D:13     | Reached skill level 15 in Maces & Flails
 29705 | D:13     | Found a gate to the Vaults.
 30311 | D:14     | Noticed Nessos
 30407 | D:14     | Noticed Louise
 30412 | D:14     | Killed Nessos
 30419 | D:14     | Killed Louise
 30704 | D:15     | Entered Level 15 of the Dungeon
 31351 | D:15     | Found a staircase to the Depths.
 32328 | Spider:1 | Entered Level 1 of the Spider Nest
 32652 | Spider:1 | Blown up by an orb spider

Illustrated notes

Levels and vault maps discovered:
D:1:      lemuel_arrival_lava_pool, layout_basic,
          hellmonk_ecumenical_altar_zigzags
D:2:      layout_basic, serial_shops, shop, minivault_14, uniq_sigmund
D:3:      layout_rooms, nicolae_ru_path_of_blood, corexii_corridor_pit,
          uniq_crazy_yiuf_cottage
D:4:      layout_cave_pools, temple_fountains, portal_sewer_entry_e,
          serial_co_window_serial, co_window_corner_a, co_window_paths_a,
          co_window_paths_b, co_window_corner_a, co_window_cross_1,
          co_window_broadway_b, co_window_corner_cb, co_window_broadway_c,
          glass_columns_b, glass_columns_c, glass_columns_a, glass_columns_a,
          glass_columns_c, uniq_duvessa
D:5:      layout_rooms, hellmonk_bongcloud_opening
D:6:      layout_cave_pools, serial_gnoll_camp, gnoll_camp_mini_hut,
          gnoll_camp_mini_hut, gnoll_camp_medium_01, gnoll_camp_mini_house,
          gnoll_camp_mini_hut, gnoll_camp_mini_loothouse, serial_shops, shop,
          grunt_decor_clamped, grunt_decor_one_mirror, hangedman_decor_opposing,
          minmay_divided_ellipse
D:7:      cheibrodos_wizards_tower, layout_basic, amcnicky_altar_gilded
D:8:      layout_cave_pools, grunt_lair_entry_orc_guard_hut, serial_shops,
          nicolae_shop_waterfront, grunt_ministairs_4, uniq_joseph, uniq_erica
D:9:      minmay_sliced_demisemicircle, layout_stronghold, david_orc_4,
          enter_bailey_5, uniq_harold, uniq_pikel
D:10:     layout_long_grid, enter_trove_5
D:11:     minmay_the_grid_octo_tiled_octocenter_mashed
          [minmay_the_grid_octo_checkered, minmay_the_grid_octo_focus,
          minmay_the_grid_octo_pinwheel, minmay_the_grid_octo_clover_2,
          minmay_the_grid_octo_prize_ultimate_mussel_roller,
          minmay_the_grid_square_5x5_n_small, minmay_the_grid_square_5x5_six,
          minmay_the_grid_square_5x5_detours,
          minmay_the_grid_square_5x5_percent], layout_basic, serial_shops,
          nicolae_take_the_stairs, gammafunk_ghost_berserking_beasts
D:12:     layout_basic, due_unseen_surprise
D:13:     layout_rooms, ximxim_vaults_locker_room, nemelex_diamond_rough_becter
D:14:     layout_rooms, chequers_serial_rivers_room_a, uniq_nessos, uniq_louise
D:15:     grunt_enter_depths_snipers, layout_basic, nicolae_water_bricks
Lair:1:   layout_regular_city, gammafunk_ghost_abyssal_escape, minivault_27,
          serial_bayou_ford_a, cheibrodos_lair_caveside_slide, st_stairs_7
Lair:2:   layout_layer_cave
Lair:3:   layout_roguey, elwin_shoals_entry_rocks,
          nicolae_spider_entry_tight_spaces, uniq_snorg
Lair:4:   layout_misc_corridors
Lair:5:   layout_misc_corridors, grunt_megastairs_3
Lair:6:   cheibrodos_lair_end_hotspot, layout_regular_city, slime_altar_2,
          nicolae_volcano_entry_s_turn
Spider:1: layout_spider_delve
Orc:1:    gammafunk_beogh_shrine, layout_diamond_mine, nicolae_orc_rockfall,
          uniq_fannar, uniq_erolcha
Orc:2:    st_orc_rangers, layout_caves

Skill      XL: |  1  2  3  4  5  6  7  8  9 10 11 12 13 14 15 16 |
---------------+-------------------------------------------------+-----
Maces & Flails | 3 4 5 6 7 9 11 12 11 12 14 16 | 16.0
Fighting       | 4 5 6 7 9 12 13 13 15 16 17 | 17.5
Armour         | 5 9 9 10 11 | 11.8
Dodging        | 2 4 4 5 7 |  7.2
Evocations     | 4 |  4.5
Shields        | 5 8 |  8.0

Action                   |  1- 3 |  4- 6 |  7- 9 | 10-12 | 13-15 | 16-18 || total
-------------------------+-------+-------+-------+-------+-------+-------++-------
Melee: Flail             |    87 |    80 |       |       |       |       ||   167
       Mace              |       |    34 |       |       |       |       ||    34
       Morningstar       |       |     5 |    47 |       |       |       ||    52
       Demon whip        |       |       |   200 |   692 |  1335 |       ||  2227
       Eveningstar       |       |       |       |       |   261 |   374 ||   635
Throw: Dart              |     4 |     4 |    11 |       |       |       ||    19
       Throwing net      |       |       |     3 |    12 |     2 |       ||    17
Invok: Sacrifice Essence |       |     1 |       |       |       |       ||     1
       Sacrifice Resista |       |       |     1 |       |       |       ||     1
       Sacrifice Arcana  |       |       |       |     1 |       |       ||     1
       Draw Out Power    |       |       |       |     9 |     8 |       ||    17
       Power Leap        |       |       |       |     1 |       |       ||     1
       Sacrifice Skill   |       |       |       |     1 |       |       ||     1
       Sacrifice an Eye  |       |       |       |     1 |       |       ||     1
       Apocalypse        |       |       |       |       |    12 |     3 ||    15
       Sacrifice Stealth |       |       |       |       |     1 |       ||     1
       Sacrifice Purity  |       |       |       |       |     1 |       ||     1
Evoke: Wand              |       |       |     7 |     2 |    17 |     6 ||    32
       Phial of floods   |       |       |       |     1 |       |     1 ||     2
  Use: Potion            |     1 |     1 |     4 |     1 |     4 |       ||    11
       Scroll            |       |     6 |     8 |     4 |    22 |     2 ||    42
 Stab: Held in net/web   |       |       |     1 |     5 |     2 |       ||     8
       Invisible         |       |       |       |     2 |    12 |       ||    14
       Distracted        |       |       |       |     1 |     7 |     2 ||    10
       Paralysed         |       |       |       |       |    32 |     6 ||    38
       Petrifying        |       |       |       |       |     5 |       ||     5
Armor: Scale mail        |    42 |    67 |       |       |       |       ||   109
       Chain mail        |       |     3 |   171 |    22 |   460 |   240 ||   896
       Plate armour      |       |       |       |   199 |   135 |       ||   334
Dodge: Dodged            |    46 |    52 |    88 |   107 |   545 |   185 ||  1023
Block: Buckler           |    19 |    32 |    66 |    74 |   202 |    43 ||   436
       Kite shield       |       |       |       |       |       |   138 ||   138

Table legend: (Time is in decaauts)
 A = Elapsed time spent in this place.
 B = Non-inter-level travel time spent in this place.
 C = Inter-level travel time spent in this place.
 D = Time resting spent in this place.
 E = Time spent auto-exploring this place.
 F = Levels seen in this place.
 G = Mean time per level.
                   A        B        C        D        E       F      G
               +--------+--------+--------+--------+--------+-----+--------+
         Total |  31663 |  29618 |   2045 |   2015 |  21794 |  25 | 1266.5 |
       Dungeon |  17659 |  16542 |   1117 |   1103 |  11941 |  15 | 1177.3 |
          Lair |  10327 |   9539 |    788 |    673 |   7484 |   6 | 1721.2 |
   Spider Nest |    308 |    308 |      0 |      0 |    192 |   1 |  308.0 |
  Orcish Mines |   3045 |   2907 |    138 |    179 |   2088 |   2 | 1522.5 |
       Volcano |    322 |    322 |      0 |     60 |     88 |   1 |  322.0 |
               +--------+--------+--------+--------+--------+-----+--------+

Top non-repeatable levels by time:
  Lair:6: 2785 daAuts
    D:11: 1886 daAuts
  Lair:3: 1837 daAuts
  Lair:1: 1813 daAuts
  Lair:2: 1752 daAuts
     D:9: 1653 daAuts
   Orc:1: 1628 daAuts
   Orc:2: 1417 daAuts
    D:15: 1371 daAuts
     D:8: 1364 daAuts
     D:6: 1358 daAuts
     D:5: 1290 daAuts
     D:3: 1286 daAuts
  Lair:4: 1280 daAuts
     D:7: 1155 daAuts
